 Dungeon Crawl Stone Soup version 0.21-a0-286-g6fcecc0 (webtiles) character file.

97 tidbits the Insei (level 4, -4/38 HPs)
             Began as a Draconian Monk on Sept 27, 2017.
             Slain by a scorpion (5 damage)
             ... on level 5 of the Dungeon.
             The game lasted 00:05:54 (1009 turns).

tidbits the Insei (Draconian Monk)                  Turns: 1009, Time: 00:05:55

Health: -4/38      AC:  5    Str: 15    XL:     4   Next: 42%
Magic:  4/4        EV: 13    Int: 12    God:
Gold:   131        SH:  0    Dex: 13    Spells: 3/3 levels left

rFire    . . .     SeeInvis .     - Unarmed
rCold    . . .     Gourm    .   (no shield)
rNeg     . . .     Faith    .   (armour unavailable)
rPois    +         Spirit   .   (helmet restricted)
rElec    .         Reflect  .   C - scarf {repulsion}
rCorr    .         Harm     .   (no gloves)
MR       .....                  (no boots)
Stlth    ++........             (no amulet)
HPRegen  0.12/turn              (no ring)
MPRegen  0.09/turn              (no ring)

@: lethally poisoned (-4 -> -14), repel missiles
A: unfitting armour, claws 1, deterioration 1, poison resistance, strong 1,
cold-blooded, AC +5
a: no special abilities


You were on level 5 of the Dungeon.
You were hungry.

You visited 1 branch of the dungeon, and saw 5 of its levels.

You collected 131 gold pieces.

Inventory:

Hand Weapons
 h - a +0 morningstar
 j - a +1 dagger of speed
   (You took it off an orc on level 2 of the Dungeon)
 l - a +0 blowgun
 m - a +0 whip of distortion
   (You took it off a kobold on level 3 of the Dungeon)
 s - a +2 short sword of holy wrath
   (You took it off an orc on level 4 of the Dungeon)
Missiles
 c - 51 arrows
 f - 43 stones (quivered)
 k - 16 poisoned needles
Armour
 C - a scarf of repulsion (worn)
   (You found it on level 4 of the Dungeon)
Scrolls
 b - a scroll of amnesia {unknown}
 e - a scroll of teleportation {unknown}
 g - a scroll of random uselessness {unknown}
 i - a scroll of identify {unknown}
 n - a scroll of enchant armour {unknown}
 p - a scroll of remove curse {unknown}
Potions
 d - a potion of ambrosia
Comestibles
 a - a bread ration
 o - 2 meat rations
 r - a royal jelly
 t - a chunk of flesh


   Skills:
 - Level 3.2 Fighting
 - Level 2.6 Dodging
 - Level 1.7 Stealth
 + Level 5.3 Unarmed Combat


You had 3 spell levels left.
You didn't know any spells.

Dungeon Overview and Level Annotations

Branches:
Dungeon (5/15)
 Temple: D:4-7

Altars:


Innate Abilities, Weirdness & Mutations

Your plain brown scales are hard. (AC +5)
You cannot fit into any form of body armour.
You are cold-blooded and may be slowed by cold attacks.
You have sharp fingernails.
Your body sometimes deteriorates upon taking damage.
Your system is resistant to poisons. (rPois)
Your muscles are strong. (Str +2)


Message History

You hit the jackal. You tail-slap the jackal.
You kill the jackal!
The jackal misses you.
The jackal bites you but does no damage.
The jackal bites you.
You closely miss the jackal. The jackal completely misses you.
The jackal barely misses you. x2
You closely miss the jackal. The jackal misses you.
The jackal barely misses you. The jackal misses you. x2
You closely miss the jackal.
The jackal bites you but does no damage. x3
The jackal barely misses you.
The jackal bites you but does no damage.
You closely miss the jackal. The jackal closely misses you.
The jackal bites you but does no damage.
The jackal closely misses you.
You barely miss the jackal. The jackal closely misses you.
The jackal bites you. The jackal closely misses you.
You closely miss the jackal.
Your tail-slap misses the jackal.
The jackal bites you but does no damage.
The jackal barely misses you. The jackal bites you.
The jackal completely misses you. The jackal closely misses you.
The jackal bites you but does no damage.
You hit the jackal but do no damage. The jackal bites you.
The jackal bites you but does no damage.
The jackal barely misses you.
You hit the jackal.
The jackal is moderately wounded.
The jackal barely misses you.
The jackal bites you but does no damage.
The jackal barely misses you.
You hit the jackal.
The jackal is almost dead.
The jackal bites you. The jackal barely misses you.
The jackal bites you but does no damage.
You barely miss the jackal.
Your tail-slap misses the jackal.
The jackal is almost dead.
The jackal closely misses you. x2; The jackal misses you.
The jackal closely misses you.
The jackal bites you but does no damage.
The jackal completely misses you.
You punch the jackal!
You kill the jackal!
The jackal bites you. The jackal closely misses you.
The jackal closely misses you.
You see here a jackal corpse.
The jackal bites you but does no damage.
You hit the jackal.
You kill the jackal!
You hit the jackal but do no damage. You tail-slap the jackal.
The jackal is severely wounded.
The jackal bites you.
You punch the jackal!
You kill the jackal!
You are feeling hungry.
No target in view!
No target in view!
Things that are here:
a jackal corpse x2
Butcher a jackal corpse? [(y)es/(c)hoosy/(n)o/(a)ll/(e)dible/(q)uit/?]
Butcher a jackal corpse? [(y)es/(c)hoosy/(n)o/(a)ll/(e)dible/(q)uit/?]
Okay, then.
You butcher the jackal corpse.
t - a chunk of flesh You see here a jackal corpse.
Unknown command.
There is a stone staircase leading down here.
You climb downwards.
There is a stone staircase leading up here.
c - 51 arrows (gained 21)
A scorpion comes into view.
Found a stone staircase leading up.
Found a stone staircase leading down.
You closely miss the scorpion. Your punch misses the scorpion.
The scorpion stings you.
* * * LOW HITPOINT WARNING * * *
You are poisoned.
The scorpion poisons you!
You barely miss the scorpion.
You feel sick. The scorpion closely misses you.
You closely miss the scorpion. The scorpion stings you.
* * * LOW HITPOINT WARNING * * *
You barely miss the scorpion.
You feel sick. The scorpion misses you.
You hit the scorpion.
The scorpion is moderately wounded.
You hit the scorpion but do no damage.
The scorpion is moderately wounded.
You feel sick. The scorpion stings you!
* * * LOW HITPOINT WARNING * * *
You are more poisoned.
The scorpion poisons you!
You hit the scorpion.
The scorpion is moderately wounded.
* * * LOW HITPOINT WARNING * * *
You feel sick. The scorpion closely misses you.
It was a potion of mutation.
You feel extremely strange.
You feel yourself wasting away.
You feel stronger.
Your fingernails lengthen.
You feel resistant to poisons.
* * * LOW HITPOINT WARNING * * *
You feel sick. The scorpion stings you.
You die...

.# ###.# >...
##### ...###
##...## .....
##8.<.8###...#
#.......#.<..#
#.>.8.>.#s#
#.......#@#
##8...8##.#
##...##..#
##.##..##
#....## ######


You could see a scorpion.

Vanquished Creatures
  3 adders
  An adder skeleton (D:5)
  A worm (D:3)
  2 dart slugs (D:1)
  A leopard gecko (D:1)
  7 orcs
  2 giant cockroaches
  3 goblins
  5 hobgoblins
  6 jackals (D:4)
  A quokka (D:2)
  A ball python (D:4)
  6 bats
  3 frilled lizards
  5 kobolds
  3 rats
50 creatures vanquished.

Notes
Turn   | Place    | Note
-------+----------+-------------------------------------------
     0 | D:1      | tidbits the Draconian Monk began the quest for the Orb.
     0 | D:1      | Reached XP level 1. HP: 19/19 MP: 1/1
   168 | D:2      | Reached XP level 2. HP: 26/26 MP: 2/2
   271 | D:2      | Reached skill level 4 in Unarmed Combat
   285 | D:2      | Reached XP level 3. HP: 18/31 MP: 3/3
   637 | D:3      | Noticed an ogre
   688 | D:3      | Reached XP level 4. HP: 21/38 MP: 4/4
   724 | D:3      | Reached skill level 5 in Unarmed Combat
   955 | D:5      | Entered Level 5 of the Dungeon
  1007 | D:5      | HP: 2/38 [scorpion (8)]
  1009 | D:5      | Gained mutation: Your body sometimes deteriorates upon taking damage. [potion of mutation]
  1009 | D:5      | Gained mutation: Your muscles are strong. (Str +2) [potion of mutation]
  1009 | D:5      | Gained mutation: You have sharp fingernails. [potion of mutation]
  1009 | D:5      | Gained mutation: Your system is resistant to poisons. (rPois) [potion of mutation]
  1009 | D:5      | Slain by a scorpion

Vault maps used:
D:1:      dpeg_arrival_rhombus
D:2:      nicolae_ru_great_annihilating_truth
D:3:      nicolae_overflow_hidden_temple
D:4:      first_bread, nicolae_dithmenos_the_darkroom
D:5:      kennysheep_little_box, grunt_qazlal_clouds, grunt_decor_mini_mirrors,
          grunt_ministairs_7, uniq_grinder

Skill      XL: |  1  2  3  4 |
---------------+-------------+-----
Unarmed Combat | 4 5 |  5.3
Fighting       | |  3.2
Dodging        | |  2.6
Stealth        | |  1.7

Action                   |  1- 3 |  4- 6 || total
-------------------------+-------+-------++-------
Melee: Unarmed           |   100 |    67 ||   167
       Tailslap          |    15 |    10 ||    25
       Punch             |     2 |       ||     2
       Dagger            |     9 |       ||     9
 Fire: Blowgun           |       |     3 ||     3
  Use: Potion            |     1 |     1 ||     2
 Stab: Sleeping          |     5 |       ||     5
Armor: Skin              |    36 |    28 ||    64
Dodge: Dodged            |    78 |    68 ||   146

Table legend:
 A = Spawn XP
 B = Non-spawn XP
 C = Spawn XP percentage of total XP
 D = Spawn monster count
 E = Non-spawn monster count
 F = Spawn count percentage of total count
 G = Total turns spent on level
                    A         B        C        D         E        F      G
               +---------+---------+-------+---------+---------+-------+---------
         Total |       0 |     139 |   0.0 |       0 |      50 |   0.0 |  1009
               +---------+---------+-------+---------+---------+-------+---------
           D:1 |       0 |      19 |   0.0 |       0 |       8 |   0.0 |   264
           D:2 |       0 |      59 |   0.0 |       0 |      21 |   0.0 |   362
           D:3 |       0 |      28 |   0.0 |       0 |       8 |   0.0 |   262
           D:4 |       0 |      28 |   0.0 |       0 |      12 |   0.0 |    92
           D:5 |       0 |       5 |   0.0 |       0 |       1 |   0.0 |    29
               +---------+---------+-------+---------+---------+-------+---------

Table legend:
 A = Turns spent in this place as a percentage of turns spent in the entire game.
 B = Non-inter-level travel turns spent in this place as a percentage of non-inter-level travel turns spent in the entire game.
 C = Inter-level travel turns spent in this place as a percentage of turns spent in this place.
 D = Turns resting spent in this place as a percentage of non-inter-level travel turns spent in this place.
 E = Turns spent auto-exploring this place as a percentage of non-inter-level travel turns spent in this place.
 F = Non-inter-level travel turns spent in this place divided by the number of levels of this place that you've seen.
                   A       B       C       D       E      F
               +-------+-------+-------+-------+-------+----------------------
         Total | 100.0 | 100.0 |   1.1 |   0.0 |   0.0 | 199.6
       Dungeon | 100.0 | 100.0 |   1.1 |   0.0 |   0.0 | 199.6
               +-------+-------+-------+-------+-------+----------------------

Table legend:
 A = Kills in this place as a percentage of kills in entire the game.
 B = Kills by you in this place as a percentage of kills by you in the entire game.
 C = Kills by friends in this place as a percentage of kills by friends in the entire game.
 D = Other kills in this place as a percentage of other kills in the entire game.
 E = Experience gained in this place as a percentage of experience gained in the entire game.
 F = Experience gained in this place divided by the number of levels of this place that you have seen.
                   A       B       C       D       E      F
               +-------+-------+-------+-------+-------+----------------------
         Total | 100.0 | 100.0 |   N/A |   N/A | 100.0 |  27.8
       Dungeon | 100.0 | 100.0 |   N/A |   N/A | 100.0 |  27.8
               +-------+-------+-------+-------+-------+----------------------

Vault maps used:
D:1:      dpeg_arrival_rhombus
D:2:      nicolae_ru_great_annihilating_truth
D:3:      nicolae_overflow_hidden_temple
D:4:      first_bread, nicolae_dithmenos_the_darkroom
D:5:      kennysheep_little_box, grunt_qazlal_clouds, grunt_decor_mini_mirrors,
          grunt_ministairs_7, uniq_grinder
